 Dungeon Crawl Stone Soup version 0.30-a0-457-g4b7bca3bfa (webtiles) character file.

Game seed: 17687009075674988766

162582 NinjaNoafa the Severer (level 17, -1/169 HPs)
             Began as a Minotaur Fighter on Dec 12, 2022.
             Was an Initiate of Gozag.
             Slain by the 23-headed Lernaean hydra (3 damage)
             ... on level 4 of the Swamp.
             The game lasted 01:47:59 (32371 turns).

NinjaNoafa the Severer (Minotaur Fighter)          Turns: 32371, Time: 01:47:59

Health: -1/169     AC: 34    Str: 22      XL:     17   Next: 22%
Magic:  16/16      EV: 14    Int:  4 (5)  God:    Gozag
Gold:   175        SH: 20    Dex: 17      Spells: 16/16 levels left

rFire   + + .      SeeInvis .    b - +0 hand axe (flame)
rCold   x . .      Faith    .    q - +1 kite shield {reflect}
rNeg    . . .      Spirit   .    Q - +5 fire dragon scales
rPois   .          Reflect  +    R - +0 hat {Will+}
rElec   .          Harm     .    c - +1 cloak {Will+}
rCorr   .          Rampage  +    u - +0 pair of gloves {Stlth+}
Will    ++++.                    h - +2 pair of boots {rampage}
Stlth   +.........               N - amulet of reflection
HPRegen 0.48/turn                H - +4 ring of protection
MPRegen 0.15/turn                f - +4 ring of protection

@: about to teleport, gold aura, on berserk cooldown, slowed, studying 2 skills,
very slow
A: horns 2, retaliatory headbutt, talons 1, strong-willed 1, robust 1
a: Renounce Religion, Potion Petition, Call Merchant, Bribe Branch


You were on level 4 of the Swamp.
You worshipped Gozag.
Gozag was aware of your devotion.
You visited 7 branches of the dungeon, and saw 26 of its levels.
You also visited: Bailey and Volcano.

You collected 8948 gold pieces.
You spent 4821 gold pieces at shops.
You paid 3952 gold pieces to Gozag.

Inventory:

Hand Weapons
 a - a +8 vorpal broad axe
 b - a +0 hand axe of flaming (weapon)
Missiles
 g - a throwing net
 l - 9 boomerangs
 y - 22 poisoned darts
 O - 3 silver boomerangs
 P - 8 atropa-tipped darts
 T - 4 boomerangs of dispersal
 U - 3 javelins (quivered)
Armour
 c - a +1 cloak of willpower (worn)
 h - a +2 pair of boots of rampaging (worn)
 q - a +1 kite shield of reflection (worn)
 u - a +0 pair of gloves of stealth (worn)
 Q - +5 fire dragon scales (worn)
 R - a +0 hat of willpower (worn)
Jewellery
 f - a +4 ring of protection (right hand)
 m - a ring of willpower
 v - a ring of protection from fire
 w - a ring of positive energy
 H - a +4 ring of protection (left hand)
 I - a ring of resist corrosion
 L - a ring of poison resistance
 N - an amulet of reflection (around neck)
 W - a ring of see invisible
Wands
 e - a wand of flame (6)
 j - a wand of paralysis (16)
 C - a wand of roots (11)
 D - a wand of acid (25)
 F - a wand of polymorph (22)
 M - a wand of mindburst (5)
Scrolls
 i - 2 scrolls of magic mapping
 k - 5 scrolls of teleportation
 n - 3 scrolls of immolation
 o - 2 scrolls of silence
 r - 6 scrolls of fear
 G - 3 scrolls of poison
 X - 2 scrolls of butterflies
 Y - 2 scrolls of fog
Potions
 d - 4 potions of might
 p - 5 potions of curing
 s - 3 potions of cancellation
 x - 2 potions of resistance
 z - 5 potions of brilliance
 A - a potion of degeneration
 B - 3 potions of flight
 E - 2 potions of ambrosia
 K - 3 potions of berserk rage
 Z - a potion of haste
Miscellaneous
 J - a piece from Xom's chessboard (15/15)
 S - a lightning rod (4/4)
 V - a phial of floods


   Skills:
 + Level 14.3 Fighting
 - Level 18.0 Axes
 - Level 16.0 Throwing
 + Level 14.3 Armour
 - Level 10.0 Dodging
 - Level 16.0 Shields
 - Level 12.0 Evocations


You had 16 spell levels left.
You didn't know any spells.
Your spell library contained the following spells:

 Spells                   Type           Power      Damage    Failure   Level
 Apportation              Tloc           0%         N/A       92%         1
 Freeze                   Ice            0%         1d3       92%         1
 Sandblast                Erth           0%         2d4       92%         1
 Blink                    Tloc           0%         N/A       98%         2
 Cigotuvi's Dreadful Rot  Necr/Pois/Air  0%         N/A       98%         2
 Ensorcelled Hibernation  Hex/Ice        0%         N/A       98%         2
 Momentum Strike          Conj/Tloc      0%         3d8       98%         2
 Passwall                 Tmut/Erth      0%         N/A       98%         2
 Poisonous Vapours        Pois/Air       0%         N/A       98%         2
 Frozen Ramparts          Ice            0%         1d1       100%        3
 Hailstorm                Conj/Ice       0%         3d3       100%        3
 Lesser Beckoning         Tloc           0%         N/A       100%        3
 Mephitic Cloud           Conj/Pois/Air  0%         N/A       100%        3
 Stone Arrow              Conj/Erth      0%         3d7       100%        3
 Swiftness                Air            0%         N/A       100%        3
 Alistair's Intoxication  Tmut/Pois      0%         N/A       100%        5
 Borgnjor's Vile Clutch   Necr/Erth      0%         N/A       100%        5
 Iskenderun's Battlesphe  Conj           0%         2d6       100%        5
 Summon Forest            Summ/Tloc      0%         N/A       100%        5
 Summon Mana Viper        Hex/Summ       0%         N/A       100%        5
 Conjure Ball Lightning   Conj/Air       0%         3x3d6     100%        6
 Eringya's Noxious Bog    Tmut/Pois      0%         N/A       100%        6
 Iron Shot                Conj/Erth      0%         9d1       100%        6
 Summon Cactus Giant      Summ           0%         N/A       100%        6
 Spellforged Servitor     Conj/Summ      0%         N/A       100%        7
 Discord                  Hex            0%         N/A       100%        8
 Disjunction              Tloc           0%         N/A       100%        8


Dungeon Overview and Level Annotations

Branches:
Dungeon (10/15)            Temple (1/1) D:4            Lair (5/5) D:10
  Swamp (4/4) Lair:3       Spider (3/4) Lair:2        Slime (0/5) Lair:5
    Orc (2/2) D:9             Elf (1/3) Orc:2        Bailey (visited)
Volcano (visited)

Altars:
Ashenzari
Cheibriados
Dithmenos
Elyvilon
Fedhas
Gozag
Hepliaklqana
Kikubaaqudgha
Makhleb
Nemelex Xobeh
Okawaru
Qazlal
Ru
Sif Muna
Trog
Uskayaw
Vehumet
Wu Jian
Xom
Yredelemnul
Zin
The Shining One
Jiyva

Shops:
D:5 *   D:9 =   Orc:2 :(*=[=   Swamp:2 ([

Portals:
Trove: D:10 (show abyssal rune of Zot)
Desolation: Elf:1

Annotations:
Swamp:4 Lernaean hydra, Roxanne


Innate Abilities, Weirdness & Mutations

You have a pair of horns on your head.
You reflexively headbutt those who attack you in melee.
You have sharp toenails.
You are strong-willed. (Will+)
You are robust. (+10% HP)


Message History

Okay, then.
The three-headed hydra is distracted by your dazzling golden aura.
Okay, then.
As you read the scroll of teleportation, it crumbles to dust.
You feel strangely unstable.
The three-headed hydra is no longer distracted by gold.
The 23-headed Lernaean hydra bites you but does no damage.
The 23-headed Lernaean hydra barely misses you. x2
The 23-headed Lernaean hydra bites you but does no damage.
You block the 23-headed Lernaean hydra's attack.
The 23-headed Lernaean hydra bites you but does no damage. x2
The 23-headed Lernaean hydra bites you.
* * * LOW HITPOINT WARNING * * *
You block the 23-headed Lernaean hydra's attack.
The 23-headed Lernaean hydra bites you but does no damage.
The 23-headed Lernaean hydra bites you.
* * * LOW HITPOINT WARNING * * *
The 23-headed Lernaean hydra bites you but does no damage. x4
The 23-headed Lernaean hydra completely misses you.
The 23-headed Lernaean hydra bites you.
* * * LOW HITPOINT WARNING * * *
You block the 23-headed Lernaean hydra's attack.
The 23-headed Lernaean hydra bites you but does no damage. x2
The 23-headed Lernaean hydra misses you.
The 23-headed Lernaean hydra bites you but does no damage. x2
The three-headed hydra is distracted by your dazzling golden aura.
The 23-headed Lernaean hydra bites you but does no damage. x3
The 23-headed Lernaean hydra barely misses you.
The 23-headed Lernaean hydra bites you!
* * * LOW HITPOINT WARNING * * *
The 23-headed Lernaean hydra bites you but does no damage.
The 23-headed Lernaean hydra barely misses you.
The 23-headed Lernaean hydra bites you.
* * * LOW HITPOINT WARNING * * *
The 23-headed Lernaean hydra bites you but does no damage.
You block the 23-headed Lernaean hydra's attack.
The 23-headed Lernaean hydra bites you but does no damage.
The 23-headed Lernaean hydra bites you.
You die...
Your body crumbles into a pile of gold.

..~§..~§~.~~♣♣...♣♣♣♣♣
~~.~♣.~~~~..~♣.~~....♣♣
~~~.♣♣~~~.♣♣♣♣~~~~~~..♣
~~~~..~§~.♣♣...~~~~~~.♣♣♣
~~~~~~~~§♣♣♣♣~....~~~...♣
~~~~(~~~§.♣♣♣♣♣♣♣.~~.~§~♣
~~....~~~♣♣.~..~~.~~~.~♣♣♣
~~~.(.~~($.(~~..~~§...~~.♣
~~~~.|~~~~.~~.DD@~~~.....♣
~.~...~~~.♣♣♣♣♣♣♣♣...~♣♣♣♣
~~~~..~~~~♣ ♣♣♣♣♣..~~.~♣
~~~~~~.§~.♣♣♣..♣§.....♣♣
~~~~~~.~♣♣..♣......♣♣♣♣
~~~.♣♣♣♣♣♣♣♣.~~~~~~.~~♣♣♣
~....~♣~.~♣♣~~§~~~~.....♣♣♣
♣§~<~~~~.♣♣♣~~~~~~~§~~~~~~♣
♣♣♣♣♣~~~.~♣.~~§~~~~~..~~~.♣


You could see the 23-headed Lernaean hydra and a three-headed hydra (unaware).

Vanquished Creatures
  Arachne (Spider:3)
  Gastronok (Lair:3)
  Donald (Swamp:3)
  2 ghost moths (Spider:3)
  Aizul (Spider:3)
  2 orc warlords
  6 ghouls
  A broodmother (Spider:3)
  7 eleionomae
  A spark wasp (Spider:1)
  3 bunyips
  2 entropy weavers
  A shambling mangrove (Swamp:2)
  8 hydras
  Erolcha (D:9)
  2 radroaches (Spider:2)
  2 boulder beetles (Spider:2)
  A catoblepas (Lair:2)
  2 two-headed ogres
  A dancing weapon (Volcano)
  14 alligators
  18 death yaks
  4 orc high priests (Orc:2)
  Nergalle (D:10)
  13 spriggans
  A deep elf knight (Elf:1)
  A pharaoh ant (Spider:3)
  2 spriggan druids
  A sun moth (Spider:2)
  6 goliath frogs
  4 steelbarb worms
  5 wizards (Volcano)
  An orb spider (Spider:3)
  2 swamp dragons
  3 wolf spider zombies (Spider:1)
  6 orc knights
  3 spectral wolf spiders (Spider:1)
  Pikel (D:5)
  9 bog bodies
  12 wolf spiders
  7 orc sorcerers
  2 deep elf pyromancers (Elf:1)
  A deep elf zephyrmancer (Elf:1)
  2 will-o-the-wisps
  A cyclops (Orc:2)
  8 elephants (Lair:1)
  5 toenail golems (Volcano)
  Joseph (D:8)
  6 black mambas
  2 torpor snails
  18 cane toads
  16 komodo dragons
  4 demonic crawlers
  2 rime drakes
  A guardian mummy (D:10)
  3 meliai (Spider:3)
  Grinder (D:3)
  2 bloated husks
  11 tyrant leeches
  2 polar bears
  4 wolf spider simulacra (Spider:1)
  2 slime creatures (Lair:5)
  8 trolls
  18 hornets
  11 tarantellas
  7 dream sheep (Lair:5)
  35 blink frogs
  16 jumping spiders
  A wyvern (D:8)
  4 culicivoras
  A water elemental (Elf:1)
  6 basilisks
  59 yaks
  A steam dragon (D:7)
  5 vampire mosquitoes (Lair:5)
  18 redbacks
  Menkaure (D:6)
  8 swamp worms
  7 wargs
  2 acid dragons
  11 water moccasins
  2 black bears
  32 orc warriors
  Duvessa (D:6)
  A swamp drake (Swamp:4)
  A sky beast (D:7)
  21 wolves
  6 ogres
  3 centaurs
  A kobold brigand (D:7)
  17 bullfrogs
  Blork the orc (D:5)
  3 necrophages
  5 scorpions
  5 wights (D:8)
  Dowan (D:6)
  7 killer bees
  A howler monkey (D:6)
  5 electric eels
  5 jellies
  5 hounds
  6 orc priests
  A gnoll bouda (D:7)
  Crazy Yiuf (D:5)
  3 iguanas
  Natasha (thrice) (D:3)
  15 orc wizards
  Robin (D:3)
  5 gnolls
  3 adders
  2 white imps (D:6)
  3 worms
  A dart slug (D:5)
  47 orcs
  6 ball pythons
  3 bats
  8 endoplasms
  3 giant cockroaches
  11 goblins
  11 hobgoblins
  7 jackals
  19 kobolds
  7 quokkas
  2 frilled lizards
  2 rats (D:2)
766 creatures vanquished.

Vanquished Creatures (others)
  A spriggan (Swamp:2)
  A spectral wolf spider (Spider:1)
  A blink frog (Lair:4)
  4 bloated husks
  A hornet (Swamp:2)
  A swamp drake (Swamp:3)
  4 bushes
  6 foxfires
  50 fungi
  163 plants
232 creatures vanquished.

Grand Total: 998 creatures vanquished

Notes
Turn   | Place    | Note
-------+----------+-------------------------------------------
     0 | D:1      | NinjaNoafa the Minotaur Fighter began the quest for the
                  | Orb.
     0 | D:1      | Reached XP level 1. HP: 19/19 MP: 0/0
   106 | D:1      | Reached skill level 3 in Axes
   176 | D:1      | Reached XP level 2. HP: 21/26 MP: 1/1
   352 | D:1      | Reached skill level 4 in Axes
   751 | D:1      | You fall into a shaft and drop 1 floor!
  1037 | D:2      | Reached XP level 3. HP: 31/31 MP: 2/2
  1515 | D:3      | Noticed Natasha
  1519 | D:3      | Killed Natasha
  1520 | D:3      | Reached skill level 5 in Axes
  1560 | D:3      | Noticed Natasha
  1572 | D:3      | Killed Natasha
  1573 | D:3      | Reached XP level 4. HP: 12/39 MP: 3/3
  1685 | D:3      | Noticed Natasha
  1693 | D:3      | Killed Natasha
  1728 | D:3      | Noticed Grinder
  1744 | D:3      | Killed Grinder
  1745 | D:3      | Reached skill level 7 in Axes
  1745 | D:3      | Reached XP level 5. HP: 38/45 MP: 4/4
  1745 | D:3      | Reached XP level 6. HP: 43/51 MP: 5/5
  1823 | D:3      | Reached skill level 8 in Axes
  1919 | D:3      | Found an ornate altar of the Wu Jian Council.
  1931 | D:3      | Found a stormy altar of Qazlal.
  1939 | D:3      | Found a burning altar of Makhleb.
  1942 | D:3      | Found an iron altar of Okawaru.
  1947 | D:3      | Found a hide-covered altar of Uskayaw.
  1950 | D:3      | Found a snail-covered altar of Cheibriados.
  1987 | D:3      | Noticed Robin
  2015 | D:3      | Killed Robin
  2315 | D:4      | Identified the +5 rapier of Exquisite Torment {venom, rPois
                  | Int+3 Stlth+}
  2672 | D:4      | Reached skill level 9 in Axes
  2742 | D:4      | Found a staircase to the Ecumenical Temple.
  2790 | Temple   | Entered the Ecumenical Temple
  2795 | Temple   | Became a worshipper of Gozag Ym Sagoz the Greedy
  2883 | D:4      | Found a bloodstained altar of Trog.
  3053 | D:4      | Reached XP level 7. HP: 57/57 MP: 6/6
  3705 | D:5      | Entered Level 5 of the Dungeon
  3941 | D:5      | Reached skill level 10 in Axes
  4021 | D:5      | Noticed Pikel
  4040 | D:5      | Killed Pikel
  4041 | D:5      | Reached skill level 11 in Axes
  4041 | D:5      | Reached XP level 8. HP: 13/64 MP: 7/7
  4268 | D:5      | Reached skill level 12 in Axes
  4271 | D:5      | Found Gabehoo's Assorted Antiques.
  4425 | D:5      | Found a blossoming altar of Fedhas.
  4477 | D:5      | Found a glowing silver altar of Zin.
  4508 | D:5      | Bought a scroll labelled HOHAYS JUNEC for 25 gold pieces
  4508 | D:5      | Bought a scroll labelled COALUDGH RITOI for 25 gold pieces
  4508 | D:5      | Bought a scroll labelled ROBREI YPNUH for 25 gold pieces
  4960 | D:5      | Found a runed translucent door.
  4961 | D:5      | Noticed Crazy Yiuf
  4968 | D:5      | Killed Crazy Yiuf
  5125 | D:5      | Noticed Blork the orc
  5137 | D:5      | Killed Blork the orc
  5679 | D:6      | Noticed Menkaure
  5685 | D:6      | Killed Menkaure
  5686 | D:6      | Reached skill level 13 in Axes
  5686 | D:6      | Reached skill level 1 in Dodging
  6133 | D:6      | Noticed Duvessa
  6133 | D:6      | Noticed Dowan
  6147 | D:6      | Killed Duvessa
  6147 | D:6      | Killed Dowan
  6148 | D:6      | Reached XP level 9. HP: 62/72 MP: 8/8
  6399 | D:7      | Found a flagged portal.
  6427 | Bailey   | Entered a bailey
  6438 | Bailey   | Noticed an orc warlord
  6654 | Bailey   | Reached skill level 5 in Fighting
  6764 | Bailey   | Found a runed translucent gate.
  6767 | Bailey   | Found a runed translucent gate.
  6769 | Bailey   | Found a runed translucent gate.
  6789 | Bailey   | Reached skill level 5 in Armour
  6789 | Bailey   | Reached skill level 5 in Shields
  6976 | Bailey   | Killed an orc warlord
  7351 | D:7      | Found a shimmering blue altar of Sif Muna.
  8014 | D:7      | Reached XP level 10. HP: 81/83 MP: 9/9
  8162 | D:8      | Reached skill level 1 in Throwing
  8164 | D:8      | Reached skill level 1 in Evocations
  8444 | D:8      | Reached skill level 5 in Dodging
  8870 | D:8      | Identified the +1 whip of Kuxkamick {freeze, *Slow rF++
                  | rCorr SInv}
  8957 | D:8      | Noticed Joseph
  8970 | D:8      | Killed Joseph
  9032 | D:8      | Found a broken altar of Ashenzari.
  9637 | D:9      | Found a staircase to the Orcish Mines.
  9741 | Orc:1    | Entered Level 1 of the Orcish Mines
  9892 | D:9      | Paralysed by a hornet for 2 turns
 10080 | Orc:1    | Noticed an orc knight
 10081 | Orc:1    | Noticed an orc sorcerer
 10087 | Orc:1    | Noticed an orc sorcerer
 10260 | D:9      | Noticed Erolcha
 10284 | D:9      | Reached skill level 5 in Throwing
 10284 | D:9      | Reached skill level 5 in Evocations
 10284 | D:9      | Reached XP level 11. HP: 24/89 MP: 10/10
 10289 | D:9      | Killed Erolcha
 10642 | D:9      | Found Hodiw's Jewellery Emporium.
 10645 | D:9      | Bought a ring of willpower for 325 gold pieces
 10645 | D:9      | Bought a ring of poison resistance for 260 gold pieces
 10761 | D:9      | Noticed a two-headed ogre
 10778 | D:9      | Killed a two-headed ogre
 11000 | D:10     | Entered Level 10 of the Dungeon
 11150 | D:10     | Noticed Nergalle
 11161 | D:10     | Killed Nergalle
 11295 | D:10     | Found a staircase to the Lair.
 11308 | D:10     | Found a portal to a secret trove of treasure.
 12248 | Lair:1   | Entered Level 1 of the Lair of Beasts
 12282 | Lair:1   | Reached XP level 12. HP: 100/100 MP: 11/11
 13378 | Lair:1   | Noticed a death yak
 13379 | Lair:1   | Noticed a death yak
 13384 | Lair:1   | Noticed a death yak
 13459 | Lair:1   | Reached skill level 10 in Armour
 13526 | Lair:1   | Killed a death yak
 13527 | Lair:1   | Reached skill level 10 in Fighting
 13543 | Lair:1   | Killed a death yak
 13549 | Lair:1   | Killed a death yak
 14422 | Lair:2   | Gained mutation: You have sharp fingernails. [potion of
                  | mutation]
 14422 | Lair:2   | Gained mutation: Your magical capacity is low. (-10% MP)
                  | [potion of mutation]
 14422 | Lair:2   | Gained mutation: You are weak. (Str -2) [potion of
                  | mutation]
 14423 | Lair:2   | Lost mutation: Your magical capacity is low. (-10% MP)
                  | [potion of mutation]
 14423 | Lair:2   | Lost mutation: You have sharp fingernails. [potion of
                  | mutation]
 14423 | Lair:2   | Lost mutation: You are weak. (Str -2) [potion of mutation]
 14423 | Lair:2   | Gained mutation: Your body sometimes deteriorates upon
                  | taking damage. [potion of mutation]
 14423 | Lair:2   | Gained mutation: You are somewhat resistant to further
                  | mutation. [potion of mutation]
 14424 | Lair:2   | Lost mutation: You are somewhat resistant to further
                  | mutation. [potion of mutation]
 14424 | Lair:2   | Lost mutation: Your body sometimes deteriorates upon taking
                  | damage. [potion of mutation]
 14424 | Lair:2   | Gained mutation: You have sharp toenails. [potion of
                  | mutation]
 14424 | Lair:2   | Gained mutation: You have hidden genetic potential. [potion
                  | of mutation]
 14472 | Lair:2   | Found a hole to the Spider Nest.
 14569 | Lair:2   | Reached XP level 13. HP: 106/116 MP: 12/12
 15854 | Lair:3   | Reached skill level 14 in Axes
 16321 | Lair:3   | Reached skill level 15 in Axes
 16520 | Lair:3   | Noticed Gastronok
 16562 | Lair:3   | Killed Gastronok
 16686 | Lair:3   | Gained mutation: You are strong-willed. (Will+) [hidden
                  | potential]
 17208 | Lair:3   | Found a staircase to the Swamp.
 17457 | Lair:4   | Reached skill level 16 in Axes
 17557 | Lair:4   | Found a dark tunnel.
 17710 | Volcano  | Entered a volcano
 17746 | Volcano  | Reached skill level 17 in Axes
 17823 | Volcano  | Reached XP level 14. HP: 119/126 MP: 13/13
 18290 | Lair:4   | Reached skill level 18 in Axes
 18857 | Lair:5   | Entered Level 5 of the Lair of Beasts
 18865 | Lair:4   | Reached skill level 10 in Shields
 19266 | Lair:5   | Gained mutation: You are robust. (+10% HP) [hidden
                  | potential]
 19266 | Lair:5   | Lost mutation: You have hidden genetic potential. [hidden
                  | potential expressed]
 19761 | Lair:5   | Found a staircase to the Slime Pits.
 19761 | Lair:5   | Found a viscous altar of Jiyva.
 20120 | Lair:5   | Reached skill level 10 in Throwing
 20343 | Lair:5   | Found an ancient bone altar of Kikubaaqudgha.
 20813 | Lair:5   | Identified the +4 war axe of Kismet {vorpal, rF- rN+ Dex+4}
 21286 | Orc:1    | Reached XP level 15. HP: 110/141 MP: 14/14
 21638 | Orc:2    | Entered Level 2 of the Orcish Mines
 21792 | Orc:2    | Reached skill level 10 in Evocations
 21822 | Orc:2    | Found a staircase to the Elven Halls.
 22116 | Orc:2    | Found Qoihotse's Antique Armour Shoppe.
 22153 | Orc:2    | Bought a pair of runed gloves for 202 gold pieces
 22153 | Orc:2    | Bought a shiny buckler for 202 gold pieces
 22214 | Orc:2    | Found Detim's General Store.
 22501 | Orc:2    | Found Dokolime's Self-Improvement Boutique.
 22514 | Orc:2    | Bought a manual of Throwing for 1040 gold pieces
 22514 | Orc:2    | Bought a manual of Shields for 1040 gold pieces
 22625 | Orc:2    | Found Menushuf's Antique Weapon Emporium.
 22698 | Orc:2    | Bought a scroll of teleportation for 42 gold pieces
 22698 | Orc:2    | Bought a scroll of magic mapping for 105 gold pieces
 22773 | Orc:2    | Found Poabob's Jewellery Shoppe.
 22835 | Orc:2    | Bought an amulet of reflection for 450 gold pieces
 22930 | Orc:2    | Bought a ring of see invisible for 225 gold pieces
 23156 | Elf:1    | Entered Level 1 of the Elven Halls
 23264 | Elf:1    | Found a crumbling gateway.
 23266 | Elf:1    | Found a glowing silver altar of Zin.
 23266 | Elf:1    | Found a white marble altar of Elyvilon.
 23268 | Elf:1    | Found a glowing golden altar of the Shining One.
 23758 | Swamp:1  | Entered Level 1 of the Swamp
 24113 | Swamp:1  | Upgraded the game from 0.30-a0-451-ge042605de7 to
                  | 0.30-a0-457-g4b7bca3bfa
 25886 | Swamp:2  | Reached XP level 16. HP: 160/160 MP: 15/15
 26488 | Swamp:3  | Noticed Donald
 26524 | Swamp:3  | HP: 1/160 [Donald/+1 long sword of holy wrath (29)]
 26845 | Swamp:2  | Bought a pair of embroidered boots for 285 gold pieces
 26858 | Swamp:2  | Bought a shiny kite shield for 285 gold pieces
 26858 | Swamp:2  | Bought a glowing cloak for 285 gold pieces
 27582 | Swamp:3  | Reached skill level 15 in Shields
 27598 | Swamp:3  | Killed Donald
 28130 | Swamp:4  | Entered Level 4 of the Swamp
 28584 | Swamp:4  | Identified Roxanne's Writings on Transfiguration
 28584 | Swamp:4  | Noticed Roxanne
 28610 | Swamp:4  | Reached skill level 15 in Throwing
 29158 | Spider:1 | Entered Level 1 of the Spider Nest
 29849 | Spider:1 | Reached skill level 10 in Dodging
 30802 | Spider:2 | Reached XP level 17. HP: 167/167 MP: 16/16
 31342 | Spider:3 | Noticed Arachne
 31362 | Spider:3 | Killed Arachne
 31539 | Spider:3 | Noticed Aizul
 31562 | Spider:3 | Killed Aizul
 31576 | Spider:3 | HP: 6/167 [disintegration (27)]
 32347 | Swamp:4  | Noticed the 27-headed Lernaean hydra
 32371 | Swamp:4  | HP: 5/169 [the 23-headed Lernaean hydra (8)]
 32371 | Swamp:4  | HP: 2/169 [the 23-headed Lernaean hydra (3)]
 32371 | Swamp:4  | Slain by the 23-headed Lernaean hydra

Illustrated notes

Levels and vault maps discovered:
D:1:      dpeg_arrival_short_road, layout_basic, palyth_stone_intersect,
          minmay_unequal
D:2:      layout_basic, lemuel_flame_loot_1
D:3:      layout_loops_ring, nicolae_overflow_hallway_of_the_gods, uniq_robin,
          uniq_grinder, uniq_natasha
D:4:      layout_layer_cave, lemuel_round_altar, temple_green,
          serial_bayou_pond_d, mrwooster_statue_mirror,
          corexii_item_surrounded_by_moat
D:5:      layout_loops_corners, fedhas_altar_4, mainiacjoe_overflow_boulevard,
          serial_shops, nicolae_square_shop, small_statue_intersection,
          uniq_crazy_yiuf_cottage, uniq_pikel, uniq_blork_the_orc
D:6:      layout_basic, serial_rivers, chequers_serial_rivers_micro_d,
          chequers_serial_rivers_large_b, chequers_serial_rivers_micro_b,
          chequers_serial_rivers_small_b, uniq_menkaure, uniq_duvessa
D:7:      layout_basic, mainiacjoe_overflow_surrounded_room, enter_bailey_2
D:8:      layout_layer_cave, cheibrodos_ashenzari_chains, uniq_joseph
D:9:      layout_roguey, orc_0_dummy, serial_shops, nicolae_shop_behind_doors,
          uniq_erolcha
D:10:     layout_layer_cave, dpeg_oklobed_lair,
          nicolae_trove_entry_path_of_doom, uniq_nergalle
Temple:   nicolae_temple_ecumenical_triangle
Lair:1:   layout_loops_ring, nicolae_lair_grazing_beasts
          [nicolae_sub_lair_graze_edge, nicolae_sub_lair_graze_edge,
          nicolae_sub_lair_graze_edge, nicolae_sub_lair_graze_edge]
Lair:2:   wander_river, layout_cave_pods, nicolae_spider_entry_non_spiders,
          grunt_megastairs_2
Lair:3:   layout_regular_city, nicolae_swamp_entry_splash_gauntlet,
          gammafunk_lair_bear_cave, grunt_megastairs_5,
          infiniplex_staircase_pool, uniq_gastronok
Lair:4:   layout_gridlike, enter_volcano_1, st_stairs_13, serial_bayou_lagoon_b,
          lemuel_fruit_tree
Lair:5:   minmay_lair_end_frog_pond, layout_misc_corridors,
          minmay_slime_entry_pillars, basic_altar, serial_bayou_pond_e
Swamp:1:  layout_falls_marsh, hangedman_swamp_pad, swamp_pool2
Swamp:2:  nicolae_swamp_wrong_neighborhood, layout_basic_swamp,
          nicolae_swamp_tree_isthmus
Swamp:3:  layout_basic_swamp, nicolae_swamp_dense_foliage, uniq_donald
Swamp:4:  swamp_alternative, layout_basic_swamp, uniq_roxanne
Spider:1: layout_spider_delve, nicolae_spider_undead_wolf_pack
Spider:2: layout_spider_delve
Spider:3: layout_spider_delve, nicolae_spider_orb_run, uniq_arachne, uniq_aizul
Orc:1:    layout_caves
Orc:2:    grunt_orc_gardens, layout_caves, grunt_orc_garden, grunt_orc_garden,
          grunt_orc_garden, grunt_orc_garden, nicolae_shop_self_help
Elf:1:    layout_geoelf_octagon, portal_desolation_entry_holy_temple,
          orc_legates, nicolae_elf_big_sculpture_1

Skill      XL: |  1  2  3  4  5  6  7  8  9 10 11 12 13 14 15 16 17 |
---------------+----------------------------------------------------+-----
Axes           | 3 4 5 7 9 11 13 17 18 | 18.0
Armour         | 4 6 7 11 12 14 | 14.3
Dodging        | 1 4 7 9 10 | 10.0
Fighting       | 4 6 7 11 12 14 | 14.3
Shields        | 4 6 9 10 13 16 | 16.0
Throwing       | 5 6 7 10 12 16 | 16.0
Evocations     | 5 6 7 9 10 11 12 | 12.0

Action                   |  1- 3 |  4- 6 |  7- 9 | 10-12 | 13-15 | 16-18 || total
-------------------------+-------+-------+-------+-------+-------+-------++-------
Melee: War axe           |    55 |    75 |   159 |       |       |       ||   289
       Headbutt          |     8 |    11 |    40 |    84 |   221 |   152 ||   516
       Unarmed           |       |       |     1 |       |     5 |       ||     6
       Hand axe          |       |       |    71 |       |    37 |    46 ||   154
       Broad axe         |       |       |    31 |   321 |   823 |   580 ||  1755
       Kick              |       |       |       |     8 |   327 |    30 ||   365
Throw: Dart              |       |       |    15 |     1 |     1 |    31 ||    48
       Boomerang         |       |       |    15 |   112 |   333 |   159 ||   619
       Javelin           |       |       |       |       |    28 |    13 ||    41
Invok: Call Merchant     |       |       |       |       |     1 |     2 ||     3
       Potion Petition   |       |       |       |       |     1 |     3 ||     4
Evoke: Wand              |       |    10 |     5 |    11 |     2 |     2 ||    30
  Use: Scroll            |       |       |    12 |    19 |    11 |    11 ||    53
       Potion            |       |       |     3 |     7 |     4 |     9 ||    23
 Stab: Distracted        |       |       |     4 |       |    13 |     8 ||    25
       Invisible         |       |       |       |       |     4 |       ||     4
Armor: Scale mail        |    17 |    38 |    63 |       |       |       ||   118
       Fire dragon scale |       |       |    15 |   154 |   413 |   183 ||   765
       Skin              |       |       |    12 |       |       |       ||    12
       Plate armour      |       |       |       |       |       |   256 ||   256
Dodge: Dodged            |    18 |    28 |    60 |   161 |   409 |   262 ||   938
Block: Buckler           |     8 |    23 |    50 |   159 |   448 |    55 ||   743
       Reflection        |       |       |       |       |     4 |     7 ||    11
       Kite shield       |       |       |       |       |       |   617 ||   617

Table legend: (Time is in decaauts)
 A = Elapsed time spent in this place.
 B = Non-inter-level travel time spent in this place.
 C = Inter-level travel time spent in this place.
 D = Time resting spent in this place.
 E = Time spent auto-exploring this place.
 F = Levels seen in this place.
 G = Mean time per level.
                   A        B        C        D        E       F      G
               +--------+--------+--------+--------+--------+-----+--------+
         Total |  32384 |  30016 |   2368 |    528 |  23600 |  28 | 1156.6 |
       Dungeon |  12303 |  11110 |   1193 |     88 |   9532 |  10 | 1230.3 |
        Temple |     48 |     30 |     18 |      0 |     19 |   1 |   48.0 |
          Lair |   8407 |   7780 |    627 |    144 |   6001 |   5 | 1681.4 |
         Swamp |   5548 |   5225 |    323 |    296 |   3729 |   4 | 1387.0 |
   Spider Nest |   2664 |   2602 |     62 |      0 |   1968 |   3 |  888.0 |
  Orcish Mines |   2244 |   2123 |    121 |      0 |   1600 |   2 | 1122.0 |
   Elven Halls |    131 |    108 |     23 |      0 |      0 |   1 |  131.0 |
        Bailey |    716 |    716 |      0 |      0 |    514 |   1 |  716.0 |
       Volcano |    317 |    317 |      0 |      0 |    234 |   1 |  317.0 |
               +--------+--------+--------+--------+--------+-----+--------+

Top non-repeatable levels by time:
  Lair:3: 2104 daAuts
 Swamp:3: 1845 daAuts
  Lair:5: 1775 daAuts
    D:10: 1760 daAuts
  Lair:1: 1707 daAuts
     D:5: 1636 daAuts
     D:8: 1608 daAuts
  Lair:4: 1588 daAuts
   Orc:2: 1430 daAuts
 Swamp:2: 1404 daAuts
     D:9: 1385 daAuts
  Lair:2: 1231 daAuts
 Swamp:1: 1230 daAuts
     D:4: 1213 daAuts
Spider:1: 1207 daAuts
